 Dungeon Crawl Stone Soup version 0.29-a0-1009-g60c99734e7 (webtiles) character file.

Game seed: 7251679640156157346

1245 drpainis the Covert (level 8, -4/37 HPs)
             Began as a Spriggan Enchanter on Aug 8, 2022.
             Slain by a gnoll
             ... wielding a +0 halberd
             ... led by a gnoll sergeant
              (13 damage)
             ... on level 5 of the Dungeon.
             The game lasted 00:10:16 (7861 turns).

drpainis the Covert (Spriggan Enchanter)            Turns: 7861, Time: 00:10:16

Health: -4/37      AC:  2    Str:  4    XL:     8   Next: 25%
Magic:  12/17      EV: 19    Int: 16    God:
Gold:   190        SH:  0    Dex: 18    Spells: 12/17 levels left

rFire   . . .      SeeInvis +   a - +1 dagger
rCold   . . .      Faith    .   (no shield)
rNeg    . . .      Spirit   .   b - +0 robe
rPois   .          Reflect  .   (helmet restricted)
rElec   .          Harm     .   (no cloak)
rCorr   .          Rampage  .   (gloves unavailable)
Will    +....                   (boots unavailable)
Stlth   +++++.....              (no amulet)
HPRegen 0.12/turn               (no ring)
MPRegen 0.15/turn               (no ring)

@: invisible, very quick
A: very small, no large weapons, unfitting armour, see invisible, speed 3
a: no special abilities


You were on level 5 of the Dungeon.
You visited 1 branch of the dungeon, and saw 5 of its levels.

You collected 190 gold pieces.

Inventory:

Hand Weapons
 a - a +1 dagger (weapon)
Missiles
 y - 5 atropa-tipped darts (quivered)
Armour
 b - a +0 robe (worn)
Wands
 g - a wand of polymorph (12)
 t - a wand of mindburst (12)
Scrolls
 d - 3 scrolls of poison
 f - a scroll of teleportation {unknown}
 h - 2 scrolls of butterflies
 i - 2 scrolls of enchant weapon
 j - 2 scrolls of brand weapon
 k - a scroll of magic mapping {unknown}
 m - 3 scrolls of amnesia
 o - a scroll of enchant armour {unknown}
 p - 2 scrolls of fear
 q - a scroll of torment {unknown}
 s - a scroll of acquirement {unknown}
Potions
 c - a potion of invisibility
 e - 2 potions of curing {unknown}
 l - a potion of resistance {unknown}
 n - a potion of berserk rage {unknown}
 r - a potion of might {unknown}
 u - a potion of brilliance {unknown}
 v - a potion of flight {unknown}
 w - a potion of haste {unknown}
 x - a potion of magic {unknown}


   Skills:
 + Level 1.2 Fighting
 + Level 4.2 Short Blades
 + Level 3.9 Dodging
 + Level 10.1 Stealth
 + Level 5.3 Spellcasting
 + Level 6.3 Hexes
 + Level 1.6 Ice Magic


You had 12 spell levels left.
You knew the following spells:

 Your Spells              Type           Power      Damage    Failure   Level
a - Ensorcelled Hibernat  Hex/Ice        34%        N/A       4%          2
b - Confusing Touch       Hex            24%        N/A       3%          3

Your spell library contained the following spells:

 Spells                   Type           Power      Damage    Failure   Level
 Tukima's Dance           Hex            24%        N/A       3%          3
 Freeze                   Ice            36%        1d6       8%          1
 Dazzling Flash           Conj/Hex       28%        N/A       12%         3
 Frozen Ramparts          Ice            18%        1d3       22%         3
 Ozocubu's Armour         Ice            9%         N/A       22%         3
 Conjure Flame            Conj/Fire      4%         6-21      41%         3
 Ignite Poison            Fire/Tmut/Pois 4%         N/A       41%         3
 Mephitic Cloud           Conj/Pois/Air  4%         N/A       41%         3
 Hailstorm                Conj/Ice       6%         3d4       71%         4
 Yara's Violent Unravell  Hex/Tmut       7%         3d5       73%         5
 Iskenderun's Mystic Bla  Conj/Tloc      4%         2d3       82%         4
 Passage of Golubria      Tloc           4%         N/A       82%         4
 Sticky Flame             Conj/Fire      4%         2d3       82%         4
 Freezing Cloud           Conj/Ice/Air   3%         6-21      97%         5
 Starburst                Conj/Fire      2%         6d3       100%        6
 Ozocubu's Refrigeration  Ice            4%         4d8       100%        7


Dungeon Overview and Level Annotations

Branches:
Dungeon (5/15)
 Temple: D:4-7

Altars:
Makhleb

Shops:
D:1 :([(?


Innate Abilities, Weirdness & Mutations

You are very small and have problems with some larger weapons.
You are too small for most types of armour.
You have supernaturally acute eyesight. (SInv)
You cover ground extremely quickly. (Speed+++)


Message History

Aim: a scorpion (chance to affect: 50%)
The scorpion looks drowsy...
The helpless scorpion fails to defend itself.
You stick the scorpion like a pincushion!!!
You kill the scorpion!
Something completely misses the plant.
Something hits the plant!
You hear a shout!
A gnoll comes into view. It is wielding a +0 flail.
A nearby plant withers and dies.
The gnoll moves out of view.
Casting: Ensorcelled Hibernation (safe; 4% risk of failure)
Confirm with . or Enter, or press ? or * to list all spells.
You don't know that spell.
Unknown command.
Casting: Ensorcelled Hibernation (safe; 4% risk of failure)
Confirm with . or Enter, or press ? or * to list all spells.
You don't know that spell.
Unknown command.
Casting: Ensorcelled Hibernation (safe; 4% risk of failure)
Confirm with . or Enter, or press ? or * to list all spells.
Okay, then.
You see here an iguana corpse.
You see here an iguana corpse.
Casting: Ensorcelled Hibernation (safe; 4% risk of failure)
Confirm with . or Enter, or press ? or * to list all spells.
Aiming: Ensorcelled Hibernation (safe; 4% risk of failure)
Press: ? - help, Shift-Dir - straight line, f - gnoll
Aim: a gnoll, wielding a +0 halberd (chance to affect: 59%)
The gnoll looks drowsy...
The gnoll sergeant shouts!
The gnoll shouts!
You hear a shout!
The gnoll barely misses you. The gnoll completely misses you.
The gnoll sergeant hits you from afar with a +4 spear of freezing!
The gnoll sergeant freezes you.
The gnoll sergeant hits you from afar with a +4 spear of freezing!
The gnoll sergeant freezes you.
* * * LOW HITPOINT WARNING * * *
The gnoll misses you.
You fade into invisibility!
The gnoll hits you from afar with a +0 halberd!
You die...

.....## #†####....## ### ####g.#
##.)..####(# .§§#####
##.######### #.# #§##§#⌠##
#g#....'..# #.# #≈#≈§§≈≈#
#g#.88.#..####.####≈#≈..§≈##
#.#.88.###....###..≈#≈...≈⌠#
#.#....########...§.'.._.≈#
#####.####'#......÷.#..≈#≈..§§⌠#
..............g.@####..≈#≈§..§##
##########.......# ###≈#§§≈≈≈#
### #.....gg# #≈##⌠#⌠## ..#
#......g# #≈≈ #### #.###
#.......# #### ..... #.......#
#...# ######### #..#.. ..# .


You could see a gnoll sergeant (unable to see you) and 3 gnolls.

Vanquished Creatures
  Grinder (D:3)
  A yak (D:5)
  A sky beast (D:3)
  An ogre (D:4)
  A phantom (D:5)
  2 scorpions
  A necrophage (D:5)
  2 jellies (D:4)
  An orc priest (D:4)
  A hound (D:4)
  5 iguanas
  2 orc wizards (D:4)
  3 adders
  7 gnolls
  2 ufetubi
  A worm (D:2)
  5 dart slugs
  5 orcs
  3 ball pythons
  5 bats
  3 endoplasms
  7 giant cockroaches
  11 goblins
  6 hobgoblins
  3 kobolds
  3 quokkas
  4 frilled lizards
  5 rats
92 creatures vanquished.

Vanquished Creatures (others)
  4 plants (D:5)
4 creatures vanquished.

Grand Total: 96 creatures vanquished

Notes
Turn   | Place    | Note
-------+----------+-------------------------------------------
     0 | D:1      | drpainis the Spriggan Enchanter began the quest for the
                  | Orb.
     0 | D:1      | Reached XP level 1. HP: 9/9 MP: 5/5
    48 | D:1      | Found Kuisism's Magic Scroll Shop.
   334 | D:1      | Reached XP level 2. HP: 9/13 MP: 6/6
   432 | D:1      | Learned a level 2 spell: Ensorcelled Hibernation
   593 | D:1      | Found Kuapickocav's Weapon Emporium.
  1229 | D:1      | Found Betz's Antique Weapon Boutique.
  1256 | D:1      | Found Vuixixub's Antique Armour Emporium.
  1315 | D:1      | Found Surgh's Book Shop.
  1722 | D:2      | Reached skill level 5 in Stealth
  1722 | D:2      | Reached XP level 3. HP: 14/16 MP: 8/8
  2911 | D:3      | Noticed Grinder
  3256 | D:2      | Learned a level 3 spell: Confusing Touch
  3588 | D:3      | Noticed a sky beast
  3931 | D:3      | Killed a sky beast
  3932 | D:3      | Reached skill level 6 in Stealth
  3932 | D:3      | Reached XP level 4. HP: 9/21 MP: 6/9
  3932 | D:3      | Reached XP level 5. HP: 11/25 MP: 6/10
  4155 | D:3      | Killed Grinder
  4156 | D:3      | Reached skill level 7 in Stealth
  4156 | D:3      | Reached skill level 5 in Hexes
  4156 | D:3      | Reached XP level 6. HP: 29/29 MP: 7/12
  5133 | D:3      | Found a faded altar of an unknown god.
  5335 | D:4      | Reached skill level 1 in Ice Magic
  5355 | D:4      | Reached skill level 8 in Stealth
  5793 | D:4      | Reached XP level 7. HP: 32/32 MP: 10/14
  6801 | D:4      | Reached skill level 9 in Stealth
  7215 | D:5      | Entered Level 5 of the Dungeon
  7407 | D:5      | Noticed a yak
  7430 | D:5      | Reached skill level 1 in Fighting
  7528 | D:5      | Killed a yak
  7529 | D:5      | Reached skill level 5 in Spellcasting
  7529 | D:5      | Reached XP level 8. HP: 35/37 MP: 11/16
  7532 | D:5      | Reached skill level 10 in Stealth
  7778 | D:5      | Found a burning altar of Makhleb.
  7861 | D:5      | Slain by a gnoll

Illustrated notes

Levels and vault maps discovered:
D:1:      amcnicky_arrival_gap_in_the_tavern_cellar, layout_basic, serial_shops,
          nicolae_shop_competitors_out_of_business, nicolae_square_shop,
          nicolae_diamond_shop, nicolae_shop_advertising_works
          [nicolae_subvault_shop_adworks], shop, nrook_loot_triangle
D:2:      layout_basic, minmay_misc_feat_tiny, minmay_splitting_lines
D:3:      layout_rooms, shapermc_ecumenical_altar_petra, uniq_grinder
D:4:      layout_loops_ring
D:5:      minmay_chambers_of_fours, layout_basic, lightli_temple_of_fire,
          minivault_26, nicolae_grassy_gnolls, uniq_menkaure

Skill      XL: |  1  2  3  4  5  6  7  8 |
---------------+-------------------------+-----
Hexes          | 4 5 6 |  6.3
Stealth        | 5 6 7 8 9 10 | 10.1
Dodging        | 3 |  3.9
Short Blades   | 2 3 4 |  4.2
Spellcasting   | 3 4 5 |  5.3
Ice Magic      | 1 |  1.6
Fighting       | 1 |  1.2

Action                   |  1- 3 |  4- 6 |  7- 9 || total
-------------------------+-------+-------+-------++-------
Melee: Dagger            |   118 |    50 |    89 ||   257
 Cast: Ensorcelled Hiber |     8 |    16 |    27 ||    51
       Confusing Touch   |     1 |     4 |     6 ||    11
  Use: Scroll            |       |       |     6 ||     6
       Potion            |       |       |     1 ||     1
 Stab: Sleeping          |    20 |    14 |    20 ||    54
       Confused          |       |     5 |     4 ||     9
Armor: Robe              |    18 |     2 |     5 ||    25
Dodge: Dodged            |    83 |    35 |    52 ||   170

Table legend: (Time is in decaauts)
 A = Elapsed time spent in this place.
 B = Non-inter-level travel time spent in this place.
 C = Inter-level travel time spent in this place.
 D = Time resting spent in this place.
 E = Time spent auto-exploring this place.
 F = Levels seen in this place.
 G = Mean time per level.
                   A        B        C        D        E       F      G
               +--------+--------+--------+--------+--------+-----+--------+
         Total |   6620 |   6604 |     16 |   3963 |   1692 |   5 | 1324.0 |
       Dungeon |   6620 |   6604 |     16 |   3963 |   1692 |   5 | 1324.0 |
               +--------+--------+--------+--------+--------+-----+--------+

Top non-repeatable levels by time:
     D:2: 1956 daAuts
     D:4: 1452 daAuts
     D:1: 1343 daAuts
     D:3: 1319 daAuts
     D:5: 548 daAuts
